 Dungeon Crawl Stone Soup version 0.14-a0-226-gcf818b1 (webtiles) character file.

175 hilliean the Slasher (level 4, -1/38 HPs)
             Began as a Hill Orc Gladiator on Oct 10, 2013.
             Slain by a jackal (3 damage)
             ... on Level 2 of the Dungeon.
             The game lasted 00:12:10 (986 turns).

hilliean the Slasher (Hill Orc Gladiator)            Turns: 986, Time: 00:12:11

HP  -1/38        AC  6     Str 18      XL: 4   Next: 10%
MP   3/3         EV 10     Int  8      God:
Gold 112         SH  0     Dex 11      Spells:  0 memorised,  3 levels left

Res.Fire  : . . .   See Invis. : .   a - +0 orc falchion (curse)
Res.Cold  : . . .   Warding    : .   e - +0 ring mail
Life Prot.: . . .   Conserve   : .   (no shield)
Res.Poison: .       Res.Corr.  : .   c - +0 orc helmet
Res.Elec. : .       Clarity    : .   (no cloak)
Sust.Abil.: . .     Spirit.Shd : .   (no gloves)
Res.Mut.  : .       Stasis     : .   (no boots)
Res.Rott. : .       Flight     : .   (no amulet)
Saprovore : + . .                    (no ring)
                                     j - cursed ring of protection from magic {unknown}

@: somewhat resistant to hostile enchantments, extremely unstealthy
A: saprovore 1
a: no special abilities


You were on level 2 of the Dungeon.
You were full.

You visited 1 branch of the dungeon, and saw 2 of its levels.

You collected 92 gold pieces.

Inventory:

Hand weapons
 a - a cursed +0,+0 orcish falchion (weapon)
 l - a +1,+2 orcish morningstar
Missiles
 d - 2 throwing nets (quivered)
 k - a throwing net [frayed]
 m - 3 tomahawks
Armour
 b - a +0 orcish leather armour
 c - a +0 orcish helmet (worn)
 e - a +0 ring mail (worn)
 n - a +0 scale mail
Comestibles
 f - a meat ration
 g - a choko
 h - 2 bread rations
 i - an apple
 o - 7 grapes
Jewellery
 j - a cursed ring of protection from magic (left hand) {unknown}


   Skills:
 + Level 3.0 Fighting
 + Level 4.0 Long Blades
 + Level 2.1 Throwing
 + Level 1.3 Armour
 + Level 2.9 Dodging
 + Level 0.1 Stealth


You had 3 spell levels left.
You didn't know any spells.

Dungeon Overview and Level Annotations

Branches:
Dungeon (2/27)

Altars:


Innate Abilities, Weirdness & Mutations

You can tolerate rotten meat.


Message History

* * * LOW HITPOINT WARNING * * *
You barely miss the jackal.
The jackal bites you but does no damage.
The jackal bites you.
* * * LOW HITPOINT WARNING * * *
The bat hits you but does no damage.
The jackal bites you but does no damage.
You completely miss the jackal. The bat barely misses you.
The jackal bites you but does no damage.
You aren't carrying any spellbooks or scrolls.
You closely miss the jackal.
The jackal bites you but does no damage.
The jackal completely misses you. The bat closely misses you.
The jackal bites you.
* * * LOW HITPOINT WARNING * * *
The jackal bites you but does no damage.
The bat closely misses you.
You barely miss the jackal. The bat hits you but does no damage.
The jackal bites you.
You die...

,*,*,*,******,,.,.,,,,,,,,**,.,*,
********,,,,....#....,,,,,,**#(**
***** **,, ...(.#........,,* #.##
,,,,,,,,,.......#..........# #...
,,,,,,,,........#..........# **#.
,,,,,,,,........#..........# #.
,,,,,,,.........#..........# #.
,,,,,,,,......b.#h.........#####.
,,,_,,.,..).....@................
,,,,,..<.####.###h.........#####.
,,,,,..........h................#
,,,,,...........................)
* **##.>####.####%####.......<..
*,* #,,* #.# #.# #.......... *,*
*,,* #.# #.# #.......... * * * *
#># #.# ##......... *,* *,,***#.#
#.# #.........


You could see 2 jackals and a bat.

Vanquished Creatures
  An adder (D:2)
  2 orcs (D:2)
  7 goblins
  12 hobgoblins
  A ball python (D:1)
  5 bats
  3 giant cockroaches
  A giant gecko (D:1)
  8 jackals
  3 kobolds
  4 rats
47 creatures vanquished.

Notes
Turn   | Place    | Note
--------------------------------------------------------------
     0 | D:1      | hilliean, the Hill Orc Gladiator, began the quest for the Orb.
     0 | D:1      | Reached XP level 1. HP: 18/18 MP: 0/0
   207 | D:1      | Reached XP level 2. HP: 25/25 MP: 1/1
   640 | D:2      | Reached XP level 3. HP: 26/31 MP: 2/2
   779 | D:2      | Reached skill level 1 in Armour
   870 | D:2      | Reached skill level 4 in Long Blades
   943 | D:2      | Reached XP level 4. HP: 19/38 MP: 3/3
   986 | D:2      | Slain by a jackal

Action                   |  1- 3 |  4- 6 || total
-------------------------+-------+-------++-------
Melee: Falchion          |   148 |    30 ||   178
Throw: Throwing net      |     1 |       ||     1
  Use: Scroll            |     9 |       ||     9
       Potion            |     2 |       ||     2
 Stab: Held in net/web   |     1 |       ||     1
